 Dungeon Crawl Stone Soup version 0.32-a0-705-g60f233581c (webtiles) character file.

Game seed: 12080182055278090470

7410 jasper the Conjurer (level 10, 0/84 HPs)
             Began as a Demigod Earth Elementalist on Mar 14, 2024.
             Killed from afar by an acid dragon (3 damage)
             ... with a splash of acid
             ... on level 9 of the Dungeon.
             The game lasted 00:19:36 (9953 turns).

jasper the Conjurer (Demigod Earth Elementalist)    Turns: 9953, Time: 00:19:36

Health: 0/84       AC:  4    Str:  9    XL:     10   Next: 61%
Magic:  20/20      EV: 12    Int: 29    God:
Gold:   567        SH:  0    Dex: 14    Spells: 2/18 levels left

rFire   . . .        q - +2 falchion (drain)
rCold   . . .        (no shield)
rNeg    . . .        a - +0 robe
rPois   .            o - +2 hat
rElec   .            (no cloak)
rCorr   .            (no gloves)
SInv    .            (no boots)
Will    +....        J - amulet of regeneration
Stlth   ++           (no ring)
HPRegen 1.14/turn    (no ring)
MPRegen 0.17/turn

%: no passive effects
@: no status effects
A: high MP 1, forlorn, divine attributes
a: no special abilities


You were on level 9 of the Dungeon.
You visited 1 branch of the dungeon, and saw 9 of its levels.

You collected 697 gold pieces.
You spent 130 gold pieces at shops.

Inventory:

Hand Weapons
 d - a +0 dagger
 m - a +1 spectral club
 q - a +2 falchion of draining (weapon)
 v - a +2 dagger of speed
 y - a +2 trident of flaming
 K - a +0 broad axe of flaming
Missiles
 f - 76 stones
 E - a throwing net
Armour
 a - a +0 robe (worn)
 g - a scarf of harm
 o - a +2 hat (worn)
 w - a +2 ring mail of poison resistance
Magical Staves
 j - a staff of cold
Jewellery
 z - a ring of ice
 J - an amulet of regeneration (around neck)
Wands
 u - a wand of warping (13)
 D - a wand of paralysis (2)
Scrolls
 c - 4 scrolls of noise
 h - a scroll of blinking
 p - a scroll of vulnerability
 s - 3 scrolls of fear
 A - a scroll of brand weapon {unknown}
 B - 2 scrolls of revelation
 C - 3 scrolls of identify
 F - 4 scrolls of torment
 I - a scroll of immolation
Potions
 b - 2 potions of magic
 e - 2 potions of attraction
 i - 3 potions of degeneration
 k - 3 potions of heal wounds
 l - 3 potions of curing
 n - a potion of might
 r - a potion of lignification
 t - a potion of haste
 x - a potion of resistance
 G - a potion of invisibility
 H - a potion of mutation {unknown}


   Skills:
 + Level 6.6 Fighting
 + Level 3.0 Dodging
 - Level 1.7 Stealth
 + Level 4.7 Spellcasting
 * Level 7.9 Conjurations
 - Level 5.0 Ice Magic
 - Level 5.0 Air Magic
 - Level 7.4 Earth Magic


You had 2 spell levels left.
You knew the following spells:

 Your Spells              Type           Power      Damage    Failure   Level
a - Sandblast             Erth           100%       2d20      1%          1
b - Passwall              Erth           50%        N/A       1%          3
c - Stone Arrow           Conj/Erth      100%       3d13      1%          3
d - Brom's Barrelling Bo  Conj/Erth      51%        2d7       2%          4
e - Freezing Cloud        Conj/Ice/Air   20%        6-21      16%         5

Your spell library contained the following spells:

 Spells                   Type           Power      Damage    Failure   Level
 Magic Dart               Conj           100%       1d8       1%          1
 Searing Ray              Conj           100%       2d8       1%          2
 Ensorcelled Hibernation  Hex/Ice        42%        N/A       3%          2
 Cigotuvi's Dreadful Rot  Necr/Alch/Air  32%        N/A       4%          2
 Slow                     Hex            24%        N/A       6%          1
 Summon Ice Beast         Ice/Summ       21%        N/A       7%          3
 Iskenderun's Battlesphe  Conj           52%        2d10      7%          5
 Fulminant Prism          Conj/Alch      15%        3d10      12%         4
 Petrify                  Alch/Erth      28%        N/A       14%         4
 Fugue of the Fallen      Necr           6%         N/A       19%         3
 Bombard                  Conj/Erth      25%        9d5       38%         6
 Anguish                  Hex/Necr       3%         N/A       54%         4
 Ignite Poison            Fire/Alch      6%         N/A       54%         4
 Silence                  Hex/Air        10%        N/A       54%         5
 Summon Forest            Summ/Tloc      3%         N/A       87%         5
 Summon Mana Viper        Hex/Summ       6%         N/A       87%         5
 Monstrous Menagerie      Summ           3%         N/A       100%        7
 Spellforged Servitor     Conj/Summ      15%        N/A       100%        7
 Summon Horrible Things   Summ           3%         N/A       100%        8


Dungeon Overview and Level Annotations

Branches:
Dungeon (9/15)             Temple (0/1) D:5            Lair (0/5) D:8
    Orc: D:9-12

Shops:
D:3 !


Innate Abilities, Weirdness & Mutations

You have an increased reservoir of magic. (+10% MP)
You shall have no god before yourself.
Your divine heritage dramatically boosts your attributes as you level up.


Message History

A human simulacrum is nearby!
Aiming: Sandblast (safe; 1% risk of failure)
Press: ? - help, Q - select action, (/) - cycle Shift-Dir - straight line, f/p - human simulacrum
Aim: a human simulacrum (89% to hit)
The blast of sand hits the human simulacrum!!
The human simulacrum vaporises!
You now have 18/20 mp.
Magic restored.
A human simulacrum comes into view.
Things that are here:
6 gold pieces; a stone; MP restored: 20 A human simulacrum is nearby!
Found a book of Dreams.
An acid dragon comes into view.
Found a lead wand.
You are engulfed in blazing flames.
You take 18 damage, and have 66/84 hp.
MASSIVE DAMAGE!!
You are engulfed in blazing flames.
You see here a book of Dreams.
You take 19 damage, and have 47/84 hp.
MASSIVE DAMAGE!!
You pick up a book of Dreams and begin reading...
You add the spells Ensorcelled Hibernation, Fugue of the Fallen and Anguish to your library.
You are engulfed in blazing flames.
* * * LOW HITPOINT WARNING * * *
You take 24 damage, and have 23/84 hp.
MASSIVE DAMAGE!!
Blink to where?
Press: ? - help, Dir - move target
As you read the scroll of blinking, it crumbles to dust.
The human simulacrum is engulfed in blazing flames.
The human simulacrum vaporises!
You regained 2 hp, and now have 25/84 hp.
Things that are here:
6 gold pieces; a stone The acid dragon spits acid at you.
The splash of acid hits you!!
* * * LOW HITPOINT WARNING * * *
You take 30 damage, and have 1/84 hp.
MASSIVE DAMAGE!!
The acid dragon spits acid at you. The splash of acid hits you.
You die...

###### ###....#
#......# #......#
#......#
########......#
.......@......#
..............#
..............#
..............#
..............#
...........D..# ###
###...........##..#
#............(##
#..##++.###$...##


You could see an acid dragon (catching breath).

Vanquished Creatures
  A two-headed ogre (D:8)
  A troll (D:6)
  A hornet (D:8)
  Grinder (D:6)
  Sigmund (D:3)
  6 yaks (D:8)
  2 steam dragons (D:8)
  7 water moccasins
  3 sky beasts (D:8)
  3 crocodiles (D:8)
  5 black bears
  2 ogres
  A centaur (D:5)
  2 kobold brigands
  8 bullfrogs
  Blork the orc (D:5)
  3 scorpions
  19 wights
  4 jellies
  3 killer bees (D:8)
  2 howler monkeys (D:8)
  4 hounds
  A bombardier beetle (D:5)
  A gnoll bouda (D:7)
  3 iguanas
  2 sleepcaps (D:6)
  Jessica (D:2)
  Ijyb (D:4)
  Terence (D:3)
  5 orc wizards
  Natasha (D:2)
  A killer bee zombie (D:8)
  A human simulacrum (D:9)
  A hound zombie (D:3)
  4 gnolls (D:7)
  4 adders
  2 shadow imps
  2 white imps (D:7)
  A ribbon worm (D:5)
  3 dart slugs
  22 orcs
  10 ball pythons
  2 bats
  8 endoplasms
  5 giant cockroaches
  7 goblins
  2 hobgoblins (D:1)
  2 jackals (D:1)
  5 quokkas
  2 frilled lizards (D:1)
  2 giant cockroach zombies (D:3)
  11 kobolds
  A quokka zombie (D:3)
  A rat (D:1)
195 creatures vanquished.

Vanquished Creatures (others)
  A human simulacrum (D:9)
1 creature vanquished.

Grand Total: 196 creatures vanquished

Notes
Turn   | Place    | Note
-------+----------+-------------------------------------------
     0 | D:1      | jasper the Demigod Earth Elementalist began the quest for
                  | the Orb.
     0 | D:1      | Reached XP level 1. HP: 14/14 MP: 5/5
    12 | D:1      | Reached skill level 1 in Conjurations
   236 | D:1      | Reached XP level 2. HP: 20/20 MP: 1/7
   317 | D:1      | Got the Information on Ill-starred Accompaniment
   891 | D:2      | Reached XP level 3. HP: 26/26 MP: 6/8
   895 | D:2      | Learned a level 3 spell: Passwall
  1233 | D:2      | Noticed Natasha
  1238 | D:2      | Killed Natasha
  1388 | D:2      | Noticed Jessica
  1390 | D:2      | Killed Jessica
  1391 | D:2      | Reached XP level 4. HP: 34/34 MP: 6/9
  1631 | D:3      | Found Bouze's Distillery.
  1640 | D:3      | Bought a potion of curing for 39 gold pieces
  1640 | D:3      | Bought a potion of might for 52 gold pieces
  1681 | D:3      | Noticed Sigmund
  1693 | D:3      | Killed Sigmund
  1694 | D:3      | Reached skill level 1 in Fighting
  1694 | D:3      | Reached XP level 5. HP: 34/41 MP: 6/10
  2095 | D:3      | Bought a potion of lignification for 39 gold pieces
  2182 | D:3      | Noticed Terence
  2192 | D:3      | Killed Terence
  2327 | D:3      | Learned a level 3 spell: Stone Arrow
  2661 | D:4      | Noticed Ijyb
  2671 | D:4      | Killed Ijyb
  2672 | D:4      | Reached XP level 6. HP: 38/48 MP: 2/11
  3364 | D:4      | Reached skill level 5 in Earth Magic
  3537 | D:5      | Entered Level 5 of the Dungeon
  3617 | D:5      | Reached XP level 7. HP: 56/56 MP: 10/13
  3622 | D:5      | Learned a level 4 spell: Brom's Barrelling Boulder
  4328 | D:5      | Found a staircase to the Ecumenical Temple.
  4384 | D:5      | Noticed Blork the orc
  4390 | D:5      | Killed Blork the orc
  4391 | D:5      | Reached skill level 5 in Conjurations
  4728 | D:6      | Reached XP level 8. HP: 63/63 MP: 13/15
  5230 | D:6      | Noticed a troll
  6985 | D:6      | Noticed Grinder
  6993 | D:6      | Killed Grinder
  6994 | D:6      | Reached XP level 9. HP: 66/72 MP: 5/18
  7001 | D:6      | Learned a level 5 spell: Freezing Cloud
  7499 | D:6      | Reached skill level 1 in Ice Magic
  7499 | D:6      | Reached skill level 1 in Air Magic
  7866 | D:8      | Reached skill level 5 in Fighting
  8596 | D:8      | Found a staircase to the Lair.
  8625 | D:8      | Reached XP level 10. HP: 81/81 MP: 6/19
  8644 | D:8      | Reached skill level 5 in Ice Magic
  8644 | D:8      | Reached skill level 5 in Air Magic
  9528 | D:8      | Noticed a two-headed ogre
  9548 | D:8      | Killed a two-headed ogre
  9723 | D:8      | Paralysed by a hornet for 2 turns
  9951 | D:9      | HP: 1/84 [acid dragon/splash of acid (32)]
  9953 | D:9      | Killed from afar by an acid dragon

Illustrated notes

Levels and vault maps discovered:
D:1:      lemuel_arrival_room, layout_basic, minmay_3d_cube
D:2:      layout_basic, corexii_corridor_pit, uniq_jessica, uniq_natasha
D:3:      layout_basic, nicolae_yredelemnul_corpse_copse, ashenzari_altar_1,
          fedhas_altar_4, serial_shops, nicolae_lakefront_shop, uniq_terence,
          uniq_sigmund
D:4:      layout_loops_corners, kennysheep_mini, okawaru_metal_pillars_3,
          uniq_ijyb
D:5:      layout_gridville, eat_drink_and_be_merry_uskayaw,
          mainiacjoe_overflow_chevrons, temple_pool_b, minmay_crystal_room,
          chequers_garden, hex_large, minmay_misc_feat_diagonals,
          uniq_blork_the_orc
D:6:      minmay_clustersquares, layout_basic, mainiacjoe_overflow_24_doors,
          mainiacjoe_overflow_alcove_1, lemuel_round_altar, uniq_grinder
D:7:      layout_basic, riverfiend_overflow_shadow_ancestor
D:8:      regret_index_malice_mire, layout_rooms, due_lair_maze_entry_diamond
D:9:      nzn_winding_woodlands_three_and_one
          [nzn_winding_woodlands_5x15_pathside_ponds,
          nzn_winding_woodlands_5x15_split_checker,
          nzn_winding_woodlands_5x15_sawtooth,
          nzn_winding_woodlands_center_lodge], layout_irregular_city,
          mainiacjoe_overflow_surrounded_room, hiddenorc2_lemuel,
          bh_circular_ruins

Skill      XL: |  1  2  3  4  5  6  7  8  9 10 |
---------------+-------------------------------+-----
Conjurations   | 1 2 3 4 5 6 7 |  7.9
Earth Magic    | 3 4 5 6 7 |  7.4
Fighting       | 1 2 3 4 5 6 |  6.6
Spellcasting   | 2 3 4 |  4.7
Ice Magic      | 4 5 |  5.0
Air Magic      | 4 5 |  5.0
Dodging        | 3 |  3.0
Stealth        | |  1.7

Action                     |  1- 3 |  4- 6 |  7- 9 | 10-12 || total
---------------------------+-------+-------+-------+-------++-------
  Melee: Dagger            |     2 |       |       |       ||     2
         Club              |       |    16 |       |       ||    16
         Falchion          |       |       |    19 |    11 ||    30
   Cast: Sandblast         |    50 |    61 |    81 |    16 ||   208
         Stone Arrow       |       |     5 |    75 |    27 ||   107
         Brom's Barrelling |       |       |    14 |       ||    14
         Freezing Cloud    |       |       |       |     4 ||     4
  Evoke: Wand              |       |       |       |     3 ||     3
    Use: Scroll            |     2 |    11 |     4 |     1 ||    18
         Potion            |       |       |     4 |       ||     4
   Stab: Paralysed         |       |       |       |     2 ||     2
 Armour: Robe              |    19 |    24 |    91 |    38 ||   172
  Dodge: Dodged            |    11 |    31 |    60 |    15 ||   117

Table legend: (Time is in decaauts)
 A = Elapsed time spent in this place.
 B = Non-inter-level travel time spent in this place.
 C = Inter-level travel time spent in this place.
 D = Time resting spent in this place.
 E = Time spent auto-exploring this place.
 F = Levels seen in this place.
 G = Mean time per level.
                   A        B        C        D        E       F      G
               +--------+--------+--------+--------+--------+-----+--------+
         Total |  10077 |   9774 |    303 |    623 |   7869 |   9 | 1119.7 |
       Dungeon |  10077 |   9774 |    303 |    623 |   7869 |   9 | 1119.7 |
               +--------+--------+--------+--------+--------+-----+--------+

Top non-repeatable levels by time:
     D:8: 2181 daAuts
     D:6: 1796 daAuts
     D:7: 1290 daAuts
     D:4: 1215 daAuts
     D:5: 1173 daAuts
     D:3: 889 daAuts
     D:1: 821 daAuts
     D:2: 670 daAuts
     D:9: 38 daAuts
